 Dungeon Crawl Stone Soup version 0.18.1-51-gd549091e01 (webtiles) character file.

4797 NicolasFink the Fighter (level 10, 0/106 HPs)
             Began as an Ogre Fire Elementalist on Aug 4, 2020.
             Was a Believer of Vehumet.
             Killed from afar by Erica (20 damage)
             ... with a bolt of poison
             ... on level 8 of the Dungeon.
             The game lasted 00:41:56 (9497 turns).

NicolasFink the Fighter (Ogre Fire Elementalist)    Turns: 9497, Time: 00:41:57

Health: 0/106      AC:  6    Str: 15    XL:     10   Next: 48%
Magic:  2/22       EV: 10    Int: 17    God:    Vehumet [**....]
Gold:   334        SH:  0    Dex: 10    Spells: 6 memorised, 5 levels left

rFire  + . .     SeeInvis .     x - +2 trident
rCold  x . .     Gourm    +     y - +0 robe {MR+}
rNeg   . . .     Faith    .     (no shield)
rPois  .         Spirit   .     e - +2 hat
rElec  .         Dismiss  .     B - +0 cloak
rCorr  .         Reflect  .     (gloves unavailable)
SustAt .         Harm     .     (boots unavailable)
MR     ++...                    C - amulet of the gourmand
Stlth  +.........               t - ring of fire
                                l - ring of flight

@: lethally poisoned (0 -> -7), very resistant to hostile enchantments, very
unstealthy
A: unfitting armour, tough skin 1
a: Renounce Religion, Evoke Flight


You were on level 8 of the Dungeon.
You worshipped Vehumet.
Vehumet was pleased with you.
You were very full.

You visited 2 branches of the dungeon, and saw 9 of its levels.

You collected 334 gold pieces.

Inventory:

Hand Weapons
 v - a +0 giant club
 x - a +2 trident (weapon)
Missiles
 A - 5 large rocks (quivered)
Armour
 e - a +2 hat (worn)
 y - a +0 robe of magic resistance (worn)
 B - a +0 cloak (worn)
Jewellery
 l - a ring of flight (left hand)
 t - a ring of fire (right hand)
 C - an amulet of the gourmand (around neck)
Wands
 E - a wand of lightning (9/15)
 H - a wand of slowing (32/48)
 J - a wand of polymorph (7/24)
Scrolls
 g - a scroll of enchant armour {unknown}
 h - 2 scrolls of teleportation
 i - 5 scrolls of recharging
 m - a scroll of amnesia {unknown}
 o - 7 scrolls of identify
 p - 2 scrolls of immolation {unknown}
 q - 5 scrolls of remove curse
 r - a scroll of magic mapping {unknown}
 s - 2 scrolls of noise {unknown}
 u - a scroll of blinking {unknown}
 w - 3 scrolls of fog {unknown}
 z - a scroll of enchant weapon {unknown}
 F - a scroll of fear {unknown}
Potions
 d - a potion of brilliance
 n - a potion of curing
 D - 2 potions of agility {unknown}
 I - a potion of might {unknown}
Books
 a - a book of the Warp

   Spells                             Type                      Level
   a - Recall                         Summoning/Translocation      3
   b - Gell's Gravitas                Hexes/Translocation          3
   c - Force Lance                    Conjuration/Translocation    4
   d - Warp Weapon                    Charms/Translocation         5
   e - Summon Forest                  Summoning/Translocation      5
 b - a book of Flames

   Spells                             Type                      Level
   a - Flame Tongue                   Conjuration/Fire             1
   b - Throw Flame                    Conjuration/Fire             2
   c - Conjure Flame                  Conjuration/Fire             3
   d - Inner Flame                    Hexes/Fire                   3
   e - Sticky Flame                   Conjuration/Fire             4
   f - Fireball                       Conjuration/Fire             5
Comestibles
 c - 5 bread rations
 f - a beef jerky
 j - a slice of pizza
 k - 3 meat rations
 G - 4 fruits


   Skills:
 + Level 8.8 Fighting
 - Level 1.7 Dodging
 - Level 1.5 Stealth
 + Level 8.0 Spellcasting
 * Level 7.2 Conjurations
 + Level 5.6 Fire Magic


You had 5 spell levels left.
You knew the following spells:

 Your Spells              Type           Power        Failure   Level  Hunger
a - Flame Tongue          Conj/Fire      #####        1%          1    None
b - Conjure Flame         Conj/Fire      #####...     2%          3    #......
c - Sticky Flame          Conj/Fire      #####...     10%         4    ###....
d - Fireball              Conj/Fire      #####.....   24%         5    #####..
e - Gell's Gravitas       Hex/Tloc       #.........   30%         3    #......
f - Force Lance           Conj/Tloc      ###.....     24%         4    ###....


Dungeon Overview and Level Annotations

Branches:
Dungeon (8/15)             Temple (1/1) D:4
   Lair: D:8-11

Altars:
Ashenzari
Dithmenos
Elyvilon
Fedhas
Gozag
Kikubaaqudgha
Makhleb
Nemelex Xobeh
Pakellas
Qazlal
Ru
Sif Muna
Trog
Vehumet
Zin
The Shining One

Shops:
D:7 (

Annotations:
D:8 Erica


Innate Abilities, Weirdness & Mutations

You are too large for most types of armour.
You have tough skin (AC +1).


Message History

Aim: Erica, wielding a scimitar of flaming and wearing a glowing robe (severely wounded)
You feel a surge of power!
The flame tongue hits Erica.
Erica resists.
Erica is severely wounded.
Erica hits you with a scimitar of flaming!!
* * * LOW HITPOINT WARNING * * *
Erica burns you.
* * * LOW HITPOINT WARNING * * *
Drink which item? (? for menu, Esc to quit)
You feel better.
Erica mumbles some strange words.
Erica flickers and vanishes!
Deactivating autopickup; reactivate with Ctrl-A.
You hear some strange, mumbled words.
A bolt of poison appears from out of thin air!
The bolt of poison misses you.
You hear some strange, mumbled words.
A bolt of poison appears from out of thin air!
The bolt of poison hits you!
You are poisoned.
You die...

#....## #......# ###.####
#......###
#...##########)....#
#.........).รท.)....#
#...##....####.....#
#...##...>............
#...........>.........
###....##.#.....######
#....##.#@....# ######
#....##+#.....## #....#
####...=......... #....###
#.....###..... #.......
#...{.# ..... #.......
###^....# ..#####...####
#.......###.##...##.##...
####........(.##.8.8.#.#.8.8
#.............##.._..#.#.._.


There were no monsters in sight!

Vanquished Creatures
  Maurice (D:8)
  A centaur skeleton (D:8)
  Grinder (D:3)
  Sigmund (D:6)
  Eustachio (D:6)
  Grum (D:8)
  A hippogriff (D:7)
  The ghost of Witu the Charlatan, an amateur HuAr (D:4)
  Menkaure (D:6)
  2 sky beasts
  4 ice beasts
  A black bear (D:6)
  The ghost of magog001 the Vandal, an amateur CeHu (D:3)
  2 ogres
  2 wolves (D:8)
  2 centaurs (D:7)
  Blork the orc (D:4)
  8 giant frogs
  3 scorpions
  8 killer bees (D:8)
  A howler monkey (D:4)
  4 wights (D:7)
  2 giant frog zombies
  A crimson imp (D:5)
  4 hounds
  An orc priest (D:8)
  2 orc wizards
  Jessica (D:2)
  2 iguanas
  Natasha (thrice) (D:4 D:7)
  4 worker ants (D:6)
  A worker ant zombie (D:5)
  A howler monkey zombie (D:6)
  5 adders
  A shadow imp (D:6)
  An adder skeleton (D:6)
  2 worms
  A dart slug (D:2)
  A giant gecko (D:2)
  6 orcs
  4 giant cockroaches
  2 goblins (D:2)
  5 hobgoblins
  2 jackals (D:6)
  3 kobolds
  4 quokkas
  A ball python (D:3)
  7 bats
  A giant newt (D:1)
  2 jackal skeletons
  5 rats
123 creatures vanquished.

Notes
Turn   | Place    | Note
--------------------------------------------------------------
     0 | D:1      | NicolasFink the Ogre Fire Elementalist began the quest for the Orb.
     0 | D:1      | Reached XP level 1. HP: 16/16 MP: 3/3
    93 | D:1      | Reached skill level 1 in Conjurations
   136 | D:1      | Reached XP level 2. HP: 22/26 MP: 1/5
   544 | D:2      | Reached skill level 1 in Fighting
   588 | D:2      | Found a glowing golden altar of the Shining One.
   675 | D:2      | Noticed Jessica
   680 | D:2      | Killed Jessica
   680 | D:2      | Reached XP level 3. HP: 33/33 MP: 5/7
   824 | D:2      | Reached XP level 4. HP: 42/42 MP: 4/8
  1583 | D:3      | Learned a level 3 spell: Conjure Flame
  1689 | D:3      | Noticed Grinder
  1697 | D:3      | Paralysed by Grinder for 4 turns
  1706 | D:3      | Paralysed by Grinder for 4 turns
  1742 | D:3      | Killed Grinder
  1742 | D:3      | Reached XP level 5. HP: 7/53 MP: 0/11
  1742 | D:3      | Reached XP level 6. HP: 9/61 MP: 0/12
  2007 | D:3      | Learned a level 4 spell: Sticky Flame
  2199 | D:3      | Found a stormy altar of Qazlal.
  2703 | D:3      | Noticed magog001's ghost (amateur CeHu)
  2724 | D:3      | Killed magog001's ghost
  2757 | D:3      | Learned a level 5 spell: Fireball
  2920 | D:4      | Reached XP level 7. HP: 67/68 MP: 7/13
  2945 | D:4      | Found a staircase to the Ecumenical Temple.
  2951 | Temple   | Entered the Ecumenical Temple
  2968 | Temple   | Became a worshipper of Vehumet
  2997 | D:4      | Found a sparkling altar of Nemelex Xobeh.
  3046 | D:4      | Noticed Natasha
  3054 | D:4      | Killed Natasha
  3715 | D:4      | Noticed Blork the orc
  3731 | D:4      | Killed Blork the orc
  3890 | D:4      | Noticed Witu's ghost (amateur HuAr)
  3903 | D:4      | Killed Witu's ghost
  3903 | D:4      | Reached skill level 5 in Spellcasting
  4110 | D:5      | Entered Level 5 of the Dungeon
  4115 | D:5      | Reached XP level 8. HP: 79/79 MP: 9/15
  4305 | D:5      | Reached skill level 5 in Fighting
  5013 | D:6      | Noticed Menkaure
  5235 | D:6      | Noticed Eustachio
  5401 | D:6      | Killed Eustachio
  5576 | D:6      | Killed Menkaure
  5576 | D:6      | Reached skill level 5 in Conjurations
  5651 | D:6      | Reached XP level 9. HP: 69/91 MP: 2/18
  5713 | D:6      | Noticed Sigmund
  5731 | D:6      | Found an ancient bone altar of Kikubaaqudgha.
  6003 | D:6      | Killed Sigmund
  7060 | D:6      | Learned a level 3 spell: Gell's Gravitas
  7106 | D:7      | Noticed Natasha
  7113 | D:7      | Killed Natasha
  7284 | D:7      | Found Pyfas's Weapon Emporium.
  7458 | D:7      | Reached * piety under Vehumet
  7458 | D:7      | Offered knowledge of Shock by Vehumet.
  7548 | D:7      | Noticed Natasha
  7553 | D:7      | Killed Natasha
  7842 | D:7      | Reached skill level 5 in Fire Magic
  8645 | D:7      | Reached XP level 10. HP: 99/104 MP: 13/20
  8738 | D:8      | Noticed Grum
  8752 | D:8      | Killed Grum
  9169 | D:8      | Noticed Maurice
  9182 | D:8      | Killed Maurice
  9342 | D:8      | Found a deep blue altar of Sif Muna.
  9357 | D:8      | Found a shattered altar of Ashenzari.
  9360 | D:8      | Found a burning altar of Makhleb.
  9372 | D:8      | Found a glowing silver altar of Zin.
  9396 | D:8      | Offered knowledge of Freeze by Vehumet.
  9402 | D:8      | Learned a level 4 spell: Force Lance
  9426 | D:8      | Noticed Erica
  9463 | D:8      | Reached ** piety under Vehumet
  9497 | D:8      | Killed from afar by Erica

Skill      XL: |  1  2  3  4  5  6  7  8  9 10 |
---------------+-------------------------------+-----
Conjurations   | 1 2 3 4 5 6 7 |  7.2
Fighting       | 1 3 4 6 8 |  8.8
Spellcasting   | 3 4 5 6 7 8 |  8.0
Fire Magic     | 3 4 5 |  5.6
Dodging        | |  1.7
Stealth        | |  1.5

Action                   |  1- 3 |  4- 6 |  7- 9 | 10-12 || total
-------------------------+-------+-------+-------+-------++-------
Melee: Spear             |    54 |    24 |     1 |       ||    79
       Trident           |       |       |   126 |    65 ||   191
       Giant club        |       |       |    36 |       ||    36
       Unarmed           |       |       |       |     4 ||     4
Throw: Large rock        |       |       |     2 |       ||     2
 Cast: Flame Tongue      |    18 |    47 |   144 |    64 ||   273
       Conjure Flame     |       |     2 |     5 |     4 ||    11
       Sticky Flame      |       |       |    20 |     4 ||    24
  Use: Potion            |     3 |       |     1 |     4 ||     8
       Scroll            |       |       |     4 |       ||     4
  Eat: Chunk             |       |     3 |    22 |     4 ||    29
       Bread ration      |       |     1 |     2 |       ||     3
Armor: Robe              |    42 |    14 |   113 |    17 ||   186
       Skin              |       |       |       |   201 ||   201
Dodge: Dodged            |    32 |    16 |   148 |    40 ||   236
